 Dungeon Crawl Stone Soup version 0.22-a0-406-g9ff8d77 (webtiles) character file.

50470 raistware the Eclecticist (level 14, -2/68 HPs)
             Began as a Deep Elf Wizard on May 5, 2018.
             Was a High Priest of Vehumet.
             Hit by a large rock thrown by a cyclops (38 damage)
             ... on level 2 of the Orcish Mines on May 8, 2018.
             The game lasted 02:24:02 (16247 turns).

raistware the Eclecticist (Deep Elf Wizard)        Turns: 16247, Time: 02:24:03

Health: -2/68      AC: 10    Str:  4    XL:     14   Next: 19%
Magic:  32/52      EV: 15    Int: 29    God:    Vehumet [*****.]
Gold:   794        SH:  6    Dex: 13    Spells: 5/48 levels left

rFire    + + +     SeeInvis .   K - staff of power
rCold    . . .     Gourm    .   t - +1 buckler {rF+}
rNeg     . . .     Faith    .   y - +2 robe {MR+}
rPois    .         Spirit   .   i - +2 helmet
rElec    .         Reflect  .   B - +0 cloak
rCorr    .         Harm     .   (no gloves)
MR       ++...                  (no boots)
Stlth    ++........             c - amulet of magic regeneration
HPRegen  0.21/turn              j - ring of protection from fire
MPRegen  0.58/turn              (no ring)

@: no status effects
A: thin metallic scales 1, fire resistance 1, MP-powered wands, sturdy frame 1
a: Renounce Religion


You were on level 2 of the Orcish Mines.
You worshipped Vehumet.
Vehumet was extremely pleased with you.
You were hungry.

You visited 4 branches of the dungeon, and saw 21 of its levels.
You also visited: Sewer.

You collected 1295 gold pieces.
You spent 501 gold pieces at shops.

Inventory:

Hand Weapons
 e - a +1 dagger of protection
 o - a +0 blowgun
 M - a +4 scimitar of flaming
 P - a +0 whip of holy wrath
Missiles
 p - 45 poisoned needles
Armour
 i - a +2 helmet (worn)
 t - a +1 buckler of fire resistance (worn)
 y - a +2 robe of magic resistance (worn)
 B - a +0 cloak (worn)
 E - a +2 robe of positive energy
 G - a +2 leather armour of poison resistance
Magical Staves
 K - an uncursed staff of power (weapon)
Jewellery
 c - an amulet of magic regeneration (around neck)
 j - a ring of protection from fire (left hand)
 l - an uncursed amulet of regeneration
 L - a +2 ring of dexterity
 Q - an uncursed ring of poison resistance
 R - an uncursed ring of protection from cold
 U - an uncursed ring of positive energy
Wands
 n - a wand of enslavement (34)
 C - a wand of digging (7)
 F - a wand of flame (37)
 J - a wand of random effects (46)
 O - a wand of acid (7)
Scrolls
 a - a scroll of fog
 b - a scroll of enchant weapon
 g - 4 scrolls of teleportation
 h - 2 scrolls of magic mapping
 k - 2 scrolls of blinking
 m - 6 scrolls of identify
 q - 13 scrolls of remove curse
 v - a scroll of fear
 w - 3 scrolls of immolation
 x - a scroll of vulnerability
 D - a scroll of torment
 S - a scroll of noise
Potions
 f - 11 potions of curing
 r - 2 potions of might
 s - a potion of magic
 u - 4 potions of heal wounds
 z - a potion of flight
 H - 2 potions of invisibility
 I - a potion of lignification
 N - a potion of berserk rage
Miscellaneous
 T - a crystal ball of energy
Comestibles
 d - 30 rations
 A - 8 chunks of flesh


   Skills:
 - Level 6.0 Dodging
 - Level 3.1 Stealth
 - Level 4.0 Shields
 * Level 17.5 Spellcasting
 + Level 14.2 Conjurations
 - Level 2.0 Summonings
 - Level 2.0 Translocations
 - Level 14.8 Fire Magic


You had 5 spell levels left.
You knew the following spells:

 Your Spells              Type           Power        Failure   Level  Hunger
a - Magic Dart            Conj           ####         0%          1    None
b - Blink                 Tloc           N/A          1%          2    None
c - Call Imp              Summ           #####...     1%          2    None
d - Conjure Flame         Conj/Fire      #######.     0%          3    None
e - Mephitic Cloud        Conj/Pois/Air  ######..     1%          3    None
h - Dazzling Spray        Conj/Hex       ######       1%          3    None
i - Fireball              Conj/Fire      #######...   1%          5    None
j - Sticky Flame          Conj/Fire      #######.     1%          4    None
k - Freezing Cloud        Conj/Ice/Air   ######....   11%         6    ##.....
l - Spellforged Servitor  Conj/Summ      ######....   13%         7    ####...
m - Orb of Destruction    Conj           #######...   1%          7    ####...


Dungeon Overview and Level Annotations

Branches:
Dungeon (12/15)            Temple (1/1) D:4            Lair (6/6) D:10
  Swamp (0/4) Lair:2        Snake (0/4) Lair:2        Slime (0/5) Lair:5
    Orc (2/2) D:11
    Elf: Orc:2

Altars:
Ashenzari
Cheibriados
Dithmenos
Elyvilon
Fedhas
Gozag
Hepliaklqana
Kikubaaqudgha
Makhleb
Nemelex Xobeh
Okawaru
Qazlal
Ru
Sif Muna
Trog
Uskayaw
Vehumet
Wu Jian
Xom
Yredelemnul
Zin
The Shining One
Beogh

Shops:
D:7 [?=(   D:10 [   D:11 !   Orc:2 (

Annotations:
Lair:1 exclusion: oklob plant


Innate Abilities, Weirdness & Mutations

You are partially covered in thin metallic scales. (AC +2)
Your flesh is heat resistant. (rF+)
You expend magic power (3 MP) to strengthen your wands.
Your movements are slightly less encumbered by armour. (ER -2)


Message History

An ogre and a cyclops come into view.
Casting: Fireball (safe; 1% risk of failure)
Confirm with . or Enter, or press ? or * to list all spells.
Aiming: Fireball (safe; 1% risk of failure)
Press: ? - help, Shift-Dir - straight line, f - ettin
Aim: an ettin, wielding two dire flails (almost dead)
The fireball explodes!
The fireball engulfs the ettin.
You kill the ettin!
Vehumet accepts your kill.
You feel your power returning.
Casting: Fireball (safe; 1% risk of failure)
Confirm with . or Enter, or press ? or * to list all spells.
Aiming: Fireball (safe; 1% risk of failure)
Press: ? - help, Shift-Dir - straight line, f - cyclops
Aim: a cyclops (heavily wounded)
The fireball explodes!
The fireball engulfs the cyclops.
The cyclops is severely wounded.
The cyclops throws a large rock.
The large rock hits you!!!
Ouch! That really hurt!
You die...

......... .....
#.. ..... .....
........##.P...
......#.#.....P
.....#.........
...........P.C.
..............C
.O.....@....P..
......8....#...
...............
...P...........
.....)...P....#
.....(.......##
.....∩C.....##
........P....


You could see 3 cyclopes, an ogre and a friendly spellforged servitor.

Vanquished Creatures
  Rupert (Lair:5)
  An ettin (Orc:2)
  6 hydras
  2 catoblepae (Lair:6)
  Erica (D:11)
  2 two-headed ogres
  8 death yaks
  Urug (Lair:2)
  Nergalle (D:11)
  The ghost of emperorscorpion the Blocker, a novice GrFi of Cheibriados (D:8)
  A fire crab (Lair:6)
  A manticore (Lair:6)
  A cyclops (Orc:2)
  6 black mambas
  Maurice (D:11)
  3 torpor snails (Lair:6)
  6 spiny frogs
  2 rime drakes
  4 komodo dragons
  A polar bear (Lair:6)
  2 trolls
  A slime creature (Lair:5)
  8 hippogriffs
  4 blink frogs (Lair:4)
  5 dream sheep (Lair:2)
  4 wyverns
  3 hogs (D:7)
  2 hungry ghosts
  2 basilisks
  36 yaks
  A human (D:7)
  A vampire mosquito (D:11)
  Menkaure (D:6)
  5 water moccasins
  7 orc warriors
  10 porcupines
  2 phantoms
  2 ice beasts
  A black bear (Lair:5)
  3 sky beasts
  5 ogres
  7 centaurs
  An eye of draining (D:11)
  3 necrophages
  11 wolves
  3 big kobolds
  5 crocodiles
  16 bullfrogs
  3 scorpions
  5 killer bees (D:10)
  9 wights
  3 howler monkeys (D:7)
  2 electric eels (D:10)
  6 crimson imps
  4 bullfrog zombies
  2 centaur zombies
  2 quasits
  5 jellies
  3 hounds
  7 orc priests
  A bullfrog skeleton (D:4)
  2 centaur skeletons
  9 orc wizards
  6 worker ants
  A hound zombie (D:6)
  2 hound skeletons
  A worker ant zombie (D:7)
  6 gnolls
  A howler monkey skeleton (D:11)
  21 adders
  3 shadow imps
  2 oozes
  An adder skeleton (D:4)
  An adder zombie (D:5)
  3 worms
  A dart slug (D:1)
  11 leopard geckos
  50 orcs
  7 ball pythons
  8 giant cockroaches
  8 goblins
  10 hobgoblins
  12 jackals
  8 quokkas
  A ball python zombie (D:6)
  8 bats
  6 frilled lizards
  26 kobolds
  A leopard gecko zombie (D:5)
  7 rats
  2 fungi
  A plant (Lair:2)
479 creatures vanquished.

Vanquished Creatures (collateral kills)
  A hydra (Lair:6)
  A catoblepas (Lair:6)
  8 death yaks
  An orc high priest (Orc:1)
  An orc sorcerer (Orc:1)
  A manticore (Lair:6)
  A torpor snail (Lair:6)
  2 spiny frogs (Lair:6)
  10 yaks
  A water moccasin (Lair:6)
  3 orc warriors (Orc:1)
  An ogre (Orc:1)
  A crocodile (Lair:6)
  A killer bee (D:10)
  2 orc wizards (Orc:1)
  3 orcs (Orc:1)
  3 jackals
  A fungus (Lair:6)
42 creatures vanquished.

Vanquished Creatures (others)
  5 fungi
  16 plants
21 creatures vanquished.

Grand Total: 542 creatures vanquished

Notes
Turn   | Place    | Note
-------+----------+-------------------------------------------
     0 | D:1      | raistware the Deep Elf Wizard began the quest for the Orb.
     0 | D:1      | Reached XP level 1. HP: 10/10 MP: 7/7
   158 | D:1      | Reached skill level 5 in Spellcasting
   158 | D:1      | Reached XP level 2. HP: 15/15 MP: 0/10
   162 | D:1      | Learned a level 2 spell: Blink
   165 | D:1      | Learned a level 2 spell: Call Imp
   551 | D:1      | Reached XP level 3. HP: 17/19 MP: 5/11
   556 | D:1      | Learned a level 3 spell: Conjure Flame
   560 | D:1      | Learned a level 3 spell: Mephitic Cloud
  1305 | D:2      | Reached XP level 4. HP: 24/24 MP: 10/13
  1611 | D:2      | Reached skill level 6 in Spellcasting
  2282 | D:3      | Reached XP level 5. HP: 28/28 MP: 13/15
  2342 | D:3      | Found a glowing golden altar of the Shining One.
  2403 | D:3      | Found a stormy altar of Qazlal.
  2404 | D:3      | Found a sparkling altar of Nemelex Xobeh.
  2423 | D:3      | Reached skill level 1 in Fire Magic
  2610 | D:4      | Reached XP level 6. HP: 32/32 MP: 10/17
  2658 | D:4      | Reached skill level 7 in Spellcasting
  3065 | D:4      | Found a white marble altar of Elyvilon.
  3076 | D:4      | Found a radiant altar of Vehumet.
  3201 | D:4      | Found a staircase to the Ecumenical Temple.
  3207 | D:4      | Reached skill level 5 in Conjurations
  3213 | Temple   | Entered the Ecumenical Temple
  3541 | D:4      | Became a worshipper of Vehumet
  3603 | D:5      | Entered Level 5 of the Dungeon
  3639 | D:5      | Reached XP level 7. HP: 32/36 MP: 13/20
  3788 | D:5      | Reached skill level 8 in Spellcasting
  3875 | D:5      | Found a glowing drain.
  3882 | D:5      | Reached * piety under Vehumet
  3882 | D:5      | Offered knowledge of Shock by Vehumet.
  3887 | D:5      | Learned a level 1 spell: Shock
  3902 | Sewer    | Entered a sewer
  4013 | Sewer    | Reached skill level 1 in Shields
  4287 | D:5      | Offered knowledge of Sting by Vehumet.
  4290 | D:5      | Learned a level 1 spell: Sting
  4339 | D:5      | Reached XP level 8. HP: 41/41 MP: 18/22
  4461 | D:5      | Reached ** piety under Vehumet
  4833 | D:6      | Reached skill level 5 in Fire Magic
  4975 | D:6      | Reached skill level 9 in Spellcasting
  5146 | D:6      | Noticed Menkaure
  5176 | D:6      | Killed Menkaure
  5195 | D:6      | Found a blossoming altar of Fedhas.
  5441 | D:7      | Offered knowledge of Dazzling Spray by Vehumet.
  5441 | D:7      | Reached XP level 9. HP: 45/45 MP: 14/24
  5623 | D:7      | Found Zook's Weapon Emporium.
  5651 | D:7      | Learned a level 3 spell: Dazzling Spray
  5702 | D:7      | Reached *** piety under Vehumet
  5965 | D:7      | Found Hyhamos's Magic Scroll Emporium.
  5973 | D:7      | Bought a scroll of immolation for 42 gold pieces
  5973 | D:7      | Bought a scroll of identify for 24 gold pieces
  5973 | D:7      | Bought a scroll of vulnerability for 90 gold pieces
  5973 | D:7      | Bought a scroll of enchant armour for 90 gold pieces
  5973 | D:7      | Bought a scroll of torment for 90 gold pieces
  5982 | D:7      | Reached skill level 10 in Spellcasting
  6145 | D:7      | Found Gabbeemn's Antique Armour Shop.
  6195 | D:7      | Found Heuh's Jewellery Emporium.
  6515 | D:8      | Offered knowledge of Ignite Poison by Vehumet.
  6898 | D:8      | Noticed emperorscorpion's ghost (novice GrFi)
  6916 | D:8      | Reached XP level 10. HP: 50/50 MP: 21/26
  6951 | D:8      | Gained mutation: You expend magic power (3 MP) to strengthen your wands. [potion of mutation]
  6951 | D:8      | Gained mutation: You are partially covered in thin metallic scales. (AC +2) [potion of mutation]
  6951 | D:8      | Gained mutation: Your spells are a little easier to cast, but a little less powerful. [potion of mutation]
  6951 | D:8      | Gained mutation: Your mind is acute. (Int +2) [potion of mutation]
  7013 | D:8      | Killed emperorscorpion's ghost
  7514 | D:9      | Reached skill level 10 in Fire Magic
  7708 | D:9      | Noticed a two-headed ogre
  7731 | D:9      | Killed a two-headed ogre
  7802 | D:9      | Reached **** piety under Vehumet
  7926 | D:10     | Entered Level 10 of the Dungeon
  8035 | D:10     | Offered knowledge of Fireball by Vehumet.
  8042 | D:10     | Learned a level 5 spell: Fireball
  8284 | D:10     | Upgraded the game from 0.22-a0-398-g8bb545f to 0.22-a0-402-ga933591
  8298 | D:10     | Found a staircase to the Lair.
  8332 | D:10     | Found Wedwel's Antique Armour Shoppe.
  8474 | D:10     | Reached skill level 10 in Conjurations
  9030 | D:11     | Noticed Nergalle
  9130 | D:11     | Killed Nergalle
  9130 | D:11     | Reached XP level 11. HP: 45/54 MP: 17/27
  9279 | D:11     | Noticed Erica
  9296 | D:11     | Killed Erica
  9393 | D:11     | Found Iceguol's Distillery.
  9402 | D:11     | Bought a potion of flight for 45 gold pieces
  9402 | D:11     | Bought a potion of heal wounds for 75 gold pieces
  9402 | D:11     | Bought a potion of curing for 45 gold pieces
  9548 | D:11     | Noticed Maurice
  9575 | D:11     | Killed Maurice
  9613 | D:11     | Reached ***** piety under Vehumet
  9651 | D:11     | Offered knowledge of Sticky Flame by Vehumet.
  9789 | D:11     | Noticed a two-headed ogre
  9796 | D:11     | Killed a two-headed ogre
  9796 | D:11     | Reached skill level 11 in Spellcasting
 10060 | D:11     | Found a roughly hewn altar of Beogh.
 10066 | D:11     | Found a staircase to the Orcish Mines.
 10093 | D:11     | Lost mutation: Your mind is acute. (Int +2) [potion of mutation]
 10093 | D:11     | Gained mutation: Your movements are slightly less encumbered by armour. (ER -2) [potion of mutation]
 10093 | D:11     | Lost mutation: Your spells are a little easier to cast, but a little less powerful. [potion of mutation]
 10093 | D:11     | Gained mutation: Your flesh is heat resistant. (rF+) [potion of mutation]
 10272 | Lair:1   | Entered Level 1 of the Lair of Beasts
 10294 | Lair:1   | Learned a level 4 spell: Sticky Flame
 10534 | Lair:1   | Noticed an oklob plant
 10987 | Lair:2   | Found a staircase to the Swamp.
 11133 | Lair:2   | Noticed a seven-headed hydra
 11145 | Lair:2   | Killed a seven-headed hydra
 11145 | Lair:2   | Reached XP level 12. HP: 17/59 MP: 28/29
 11167 | Lair:2   | Noticed Urug
 11227 | Lair:2   | Reached skill level 12 in Spellcasting
 11428 | Lair:2   | Found a staircase to the Snake Pit.
 11474 | Lair:2   | Killed Urug
 11926 | Lair:3   | Learned a level 6 spell: Freezing Cloud
 12493 | Lair:4   | Reached skill level 5 in Dodging
 12532 | Lair:4   | Noticed a four-headed hydra
 12536 | Lair:4   | Killed a four-headed hydra
 12653 | Lair:4   | Reached skill level 13 in Spellcasting
 12730 | Lair:4   | Noticed a four-headed hydra
 12733 | Lair:4   | Killed a four-headed hydra
 13123 | Lair:5   | Noticed a four-headed hydra
 13129 | Lair:5   | Killed a four-headed hydra
 13515 | Lair:5   | Offered knowledge of Spellforged Servitor by Vehumet.
 13533 | Lair:5   | Reached XP level 13. HP: 63/63 MP: 11/32
 13552 | Lair:5   | Learned a level 7 spell: Spellforged Servitor
 13593 | Lair:5   | Noticed Rupert
 13624 | Lair:5   | Killed Rupert
 13624 | Lair:5   | Reached skill level 14 in Spellcasting
 14179 | Lair:5   | Found a staircase to the Slime Pits.
 14181 | Lair:5   | Got an ichor-stained leather armour
 14182 | Lair:5   | Identified the +1 leather armour of the Vacuum {rF+ rC- rN+++ Dex-3} (You found it on level 5 of the Lair of Beasts)
 14431 | Lair:6   | Entered Level 6 of the Lair of Beasts
 14467 | Lair:6   | Reached skill level 15 in Spellcasting
 14516 | Lair:6   | Found a snail-covered altar of Cheibriados.
 14857 | Lair:6   | Found an ancient bone altar of Kikubaaqudgha.
 14905 | Lair:6   | Reached skill level 16 in Spellcasting
 15750 | Lair:6   | Reached XP level 14. HP: 68/68 MP: 31/36
 15755 | Lair:6   | Reached skill level 17 in Spellcasting
 15826 | Lair:6   | Offered knowledge of Orb of Destruction by Vehumet.
 15835 | Lair:6   | Learned a level 7 spell: Orb of Destruction
 16077 | D:11     | Upgraded the game from 0.22-a0-402-ga933591 to 0.22-a0-406-g9ff8d77
 16078 | Orc:1    | Entered Level 1 of the Orcish Mines
 16242 | Orc:2    | Entered Level 2 of the Orcish Mines
 16242 | Orc:2    | Found Witafede's Antique Weapon Shoppe.
 16247 | Orc:2    | Hit by a large rock thrown by a cyclops

Vault maps used:
D:1:      dpeg_arrival_three_same_balls
D:2:      lemuel_statue_altar
D:3:      gammafunk_temple_overflow_pools, tso_altar
D:4:      minitemple, minmay_temple_entry_fiery, grunt_decor_cap, st_stairs_13
D:5:      portal_sewer_entry_f, first_ration, st_stairs_8
D:6:      fedhas_altar_2, uniq_menkaure
D:7:      serial_shops, shop, shop, nicolae_shop_stone, kennysheep_mini,
          grunt_livestock, hangedman_abyss_or_decor_jellyfish_corner
D:8:      kennysheep_generic_room_14
D:10:     david_lair_generic, serial_bayou, serial_bayou_pond_c,
          serial_bayou_lake_a, serial_bayou_pond_d, serial_bayou_pond_a,
          serial_shops, shop
D:11:     cheibrodos_barr_body, david_orc_5, serial_shops, shop, uniq_erica,
          uniq_nergalle, uniq_maurice
D:12:     hangedman_screamer
Temple:   hc_temple_tempest_star
Lair:1:   minmay_lair_oklob_tunnel, nicolae_lair_grove_arrangements
Lair:2:   swamp_mist, guppyfry_snake_entry_garden, grunt_megastairs_2,
          infiniplex_staircase_pool, uniq_urug
Lair:5:   minmay_slime_entry_pillars, grunt_megastairs_4, uniq_rupert
Lair:6:   evilmike_catoblepas_cave, basic_altar, kennysheep_snail_temple
Orc:1:    uniq_harold
Orc:2:    grunt_orc_gardens, grunt_orc_garden, grunt_orc_garden,
          grunt_orc_garden, grunt_orc_garden, basic_altar
Sewer:    kennysheep_pipe_town

Skill      XL: |  1  2  3  4  5  6  7  8  9 10 11 12 13 14 |
---------------+-------------------------------------------+-----
Spellcasting   | 5 6 7 8 9 10 11 13 16 17 | 17.5
Conjurations   | 2 3 4 5 6 7 8 10 11 12 13 14 | 14.2
Fire Magic     | 1 3 4 6 9 11 13 14 | 14.8
Shields        | 1 3 4 |  4.0
Dodging        | 3 6 |  6.0
Stealth        | 3 |  3.1
Translocations | 2 |  2.0
Summonings     | 2 |  2.0

Action                   |  1- 3 |  4- 6 |  7- 9 | 10-12 | 13-15 || total
-------------------------+-------+-------+-------+-------+-------++-------
Melee: Dagger            |     6 |    23 |    45 |    22 |       ||    96
       Staff             |       |       |       |    27 |     7 ||    34
 Cast: Magic Dart        |    86 |   176 |   392 |   265 |       ||   919
       Call Imp          |       |     5 |     7 |     8 |       ||    20
       Conjure Flame     |       |     5 |    39 |    74 |    19 ||   137
       Mephitic Cloud    |       |       |    19 |    22 |       ||    41
       Dazzling Spray    |       |       |     5 |    36 |       ||    41
       Sting             |       |       |     2 |    91 |       ||    93
       Shock             |       |       |       |    50 |       ||    50
       Fireball          |       |       |       |    78 |    65 ||   143
       Blink             |       |       |       |     3 |     4 ||     7
       Sticky Flame      |       |       |       |    32 |    16 ||    48
       Spellforged Servi |       |       |       |       |    14 ||    14
       Freezing Cloud    |       |       |       |       |    12 ||    12
Evoke: Wand              |       |       |       |    15 |       ||    15
       Phantom mirror    |       |       |       |       |     1 ||     1
  Use: Scroll            |       |     7 |     3 |     6 |    11 ||    27
       Potion            |       |     2 |     6 |     6 |     1 ||    15
 Stab: Sleeping          |     4 |     1 |     3 |       |       ||     8
       Confused          |       |       |     2 |       |       ||     2
       Invisible         |       |       |     1 |       |       ||     1
  Eat: Chunk             |     1 |     6 |    11 |    22 |    12 ||    52
       Ration            |       |       |       |     1 |       ||     1
Armor: Robe              |     2 |    11 |    17 |     2 |       ||    32
       Leather armour    |       |       |       |    59 |    14 ||    73
Dodge: Dodged            |    15 |    43 |    83 |   100 |    15 ||   256
Block: Buckler           |       |     2 |    13 |    51 |     8 ||    74

Table legend:
 A = Spawn XP
 B = Non-spawn XP
 C = Spawn XP percentage of total XP
 D = Spawn monster count
 E = Non-spawn monster count
 F = Spawn count percentage of total count
 G = Total turns spent on level
                    A         B        C        D         E        F      G
               +---------+---------+-------+---------+---------+-------+---------
         Total |       0 |   72100 |   0.0 |       0 |     517 |   0.0 | 16247
               +---------+---------+-------+---------+---------+-------+---------
           D:1 |       0 |      53 |   0.0 |       0 |      28 |   0.0 |   974
           D:2 |       0 |     120 |   0.0 |       0 |      34 |   0.0 |  1111
           D:3 |       0 |     145 |   0.0 |       0 |      16 |   0.0 |   493
           D:4 |       0 |     358 |   0.0 |       0 |      21 |   0.0 |   789
           D:5 |       0 |     523 |   0.0 |       0 |      33 |   0.0 |   681
           D:6 |       0 |    1006 |   0.0 |       0 |      25 |   0.0 |   749
           D:7 |       0 |    2366 |   0.0 |       0 |      35 |   0.0 |  1073
           D:8 |       0 |    1502 |   0.0 |       0 |      12 |   0.0 |   906
           D:9 |       0 |    1480 |   0.0 |       0 |      23 |   0.0 |   643
          D:10 |       0 |    2478 |   0.0 |       0 |      30 |   0.0 |  1167
          D:11 |       0 |    7012 |   0.0 |       0 |      60 |   0.0 |  1138
          D:12 |       0 |     396 |   0.0 |       0 |       3 |   0.0 |    94
        Lair:1 |       0 |    2345 |   0.0 |       0 |      10 |   0.0 |   724
        Lair:2 |       0 |    6531 |   0.0 |       0 |      22 |   0.0 |   914
        Lair:3 |       0 |    2167 |   0.0 |       0 |       9 |   0.0 |   447
        Lair:4 |       0 |    6630 |   0.0 |       0 |      28 |   0.0 |  1238
        Lair:5 |       0 |   12271 |   0.0 |       0 |      33 |   0.0 |   918
        Lair:6 |       0 |   21139 |   0.0 |       0 |      56 |   0.0 |  1512
         Orc:1 |       0 |    1630 |   0.0 |       0 |      13 |   0.0 |   164
         Orc:2 |       0 |    1714 |   0.0 |       0 |       2 |   0.0 |     5
         Sewer |       0 |     234 |   0.0 |       0 |      24 |   0.0 |   271
               +---------+---------+-------+---------+---------+-------+---------
